 Dungeon Crawl Stone Soup version 0.29-a0-2-g12fcac58f8 (webtiles) character file.

Game seed: 16982666337866791604

592 pokeman the Magician (level 7, -4/38 HPs)
             Began as a Deep Elf Hedge Wizard on Jan 26, 2022.
             Killed by divine providence
             ... invoked by an orc priest
              (16 damage)
             ... on level 5 of the Dungeon.
             The game lasted 00:09:42 (4033 turns).

pokeman the Magician (Deep Elf Hedge Wizard)        Turns: 4033, Time: 00:09:42

Health: -4/38      AC:  5    Str:  7    XL:     7   Next: 16%
Magic:  15/20      EV: 12    Int: 21    God:
Gold:   38         SH:  0    Dex: 14    Spells: 6/21 levels left

rFire   . . .      SeeInvis .   d - +0 dagger (drain)
rCold   . . .      Faith    .   (no shield)
rNeg    . . .      Spirit   .   r - +0 leather armour
rPois   .          Reflect  .   b - +0 helmet
rElec   .          Harm     .   (no cloak)
rCorr   .          Rampage  .   o - +0 pair of gloves
Will    .....                   (no boots)
Stlth   ++........              e - amulet of regeneration
HPRegen 0.92/turn               v - ring of wizardry
MPRegen 0.17/turn               (no ring)

@: no status effects
A: no striking features
a: no special abilities


You were on level 5 of the Dungeon.
You visited 1 branch of the dungeon, and saw 5 of its levels.

You collected 262 gold pieces.
You spent 224 gold pieces at shops.

Inventory:

Hand Weapons
 d - a +0 dagger of draining (weapon)
Missiles
 j - 40 arrows
 l - 2 throwing nets
Armour
 b - a +0 helmet (worn)
 k - an orb of wrath
 o - a +0 pair of gloves (worn)
 r - a +0 leather armour (worn)
Jewellery
 e - an amulet of regeneration (around neck)
 p - an amulet of faith
 v - a ring of wizardry (left hand)
Wands
 c - a wand of polymorph (10)
Scrolls
 g - 4 scrolls of identify
 m - 3 scrolls of teleportation
 q - 2 scrolls of magic mapping
 t - a scroll of blinking
 u - a scroll of fog {unknown}
Potions
 a - a potion of resistance {unknown}
 f - a potion of haste {unknown}
 h - a potion of might {unknown}
 i - a potion of cancellation {unknown}
 n - a potion of magic {unknown}
 s - a potion of heal wounds {unknown}


   Skills:
 + Level 1.5 Fighting
 - Level 1.3 Armour
 - Level 3.0 Dodging
 - Level 3.1 Stealth
 * Level 7.8 Spellcasting
 + Level 3.7 Conjurations
 - Level 1.1 Summonings
 - Level 1.1 Translocations
 + Level 1.8 Fire Magic
 - Level 1.0 Air Magic
 - Level 1.0 Poison Magic
 - Level 1.0 Evocations


You had 6 spell levels left.
You knew the following spells:

 Your Spells              Type           Power      Damage    Failure   Level
a - Magic Dart            Conj           96%        1d7       1%          1
b - Mephitic Cloud        Conj/Pois/Air  16%        N/A       6%          3
c - Call Imp              Summ           12%        N/A       4%          2
d - Blink                 Tloc           24%        N/A       4%          2
e - Conjure Flame         Conj/Fire      20%        6-21      4%          3
f - Flame Wave            Conj/Fire      20%        2d7       16%         4

Your spell library contained the following spells:

 Spells                   Type           Power      Damage    Failure   Level
 Slow                     Hex            32%        N/A       4%          1
 Sublimation of Blood     Necr           8%         N/A       8%          2
 Wereblood                Tmut           8%         N/A       8%          2
 Ignite Poison            Fire/Tmut/Pois 12%        N/A       10%         3
 Olgreb's Toxic Radiance  Pois           12%        N/A       30%         4
 Animate Dead             Necr           4%         N/A       41%         4
 Freezing Cloud           Conj/Ice/Air   7%         6-21      52%         5
 Alistair's Intoxication  Tmut/Pois      6%         N/A       69%         5
 Lee's Rapid Deconstruct  Erth           4%         3d6*      75%         5
 Iron Shot                Conj/Erth      8%         9d3       96%         6
 Eringya's Noxious Bog    Tmut/Pois      5%         N/A       99%         6
 Haunt                    Necr/Summ      5%         N/A       100%        7
 Summon Hydra             Summ           6%         N/A       100%        7
 Infestation              Necr           4%         N/A       100%        8


Dungeon Overview and Level Annotations

Branches:
Dungeon (5/15)
 Temple: D:4-7

Altars:
Gozag
Nemelex Xobeh
Wu Jian
The Shining One

Shops:
D:5 *:!?


Message History

The orc priest calls upon Beogh to heal the orc wizard.
The orc wizard's wounds heal themselves!
Unknown command.
Unknown command.
You strike the helpless orc wizard from behind!
You puncture the orc wizard!
The orc wizard is heavily wounded.
The orc wizard is engulfed in noxious fumes.
The orc wizard appears confused.
The orc priest is engulfed in noxious fumes.
The orc priest appears confused.
The orc priest invokes the aid of Beogh against you.
Beogh smites you!
Unknown command.
Unknown command.
You hit the orc wizard but do no damage.
You drain the orc wizard.
The orc wizard is severely wounded.
The orc wizard is engulfed in noxious fumes.
The orc wizard appears confused.
The orc wizard hits you with a +0 dagger.
The orc priest is engulfed in noxious fumes.
The orc priest hits the orc wizard but does no damage.
Unknown command.
You hit the orc wizard but do no damage.
The orc wizard is severely wounded.
The orc wizard is engulfed in noxious fumes.
The orc wizard appears confused.
The orc wizard hits you but does no damage.
The hound skeleton barely misses you.
Unknown command.
The orc wizard hits the orc priest but does no damage.
The hound skeleton bites you but does no damage.
Unknown command.
The orc priest calls down the wrath of Beogh upon you.
Beogh smites you!
* * * LOW HITPOINT WARNING * * *
The orc priest calls down the wrath of Beogh upon you.
Beogh smites you!
You die...

....o..#......#
.....#......#
##...##o....####
###....##.(.......
#........o.o..#..
##..........### .
#.≈≈.≈≈....o# #.≈...≈....Z#
#.≈._.≈...#@################
#≈≈...≈≈###.##...#.##.......
#≈.....≈# #...........#'#..<
#≈.⌠.⌠.≈####..........+∩+.##
#≈..∩..≈##...........)#'####
#≈.⌠.⌠.≈##..............#
#≈.....≈...##>.......####
#≈≈≈≈≈≈≈.............###
#....................##


You could see 2 orc priests, an orc wizard (confused, drained), an orc and a
hound skeleton.

Vanquished Creatures
  A gnoll sergeant (D:5)
  A wyvern zombie (D:4)
  2 water moccasin zombies (D:5)
  2 jellies
  A bullfrog skeleton (D:5)
  An iguana (D:4)
  8 gnolls
  8 adders
  An adder skeleton (D:4)
  4 dart slugs
  6 orcs (D:3)
  8 bats
  7 endoplasms
  2 giant cockroaches
  8 goblins
  9 hobgoblins
  A jackal (D:5)
  3 quokkas
  3 ball pythons
  3 frilled lizards
  6 kobolds
  4 rats
89 creatures vanquished.

Notes
Turn   | Place    | Note
-------+----------+-------------------------------------------
     0 | D:1      | pokeman the Deep Elf Hedge Wizard began the quest for the
                  | Orb.
     0 | D:1      | Reached XP level 1. HP: 10/10 MP: 7/7
   319 | D:1      | Reached XP level 2. HP: 16/16 MP: 5/9
  1121 | D:1      | Found a faded altar of an unknown god.
  1128 | D:1      | Reached skill level 5 in Spellcasting
  1537 | D:2      | Reached XP level 3. HP: 20/20 MP: 11/11
  1541 | D:2      | Learned a level 3 spell: Mephitic Cloud
  1544 | D:2      | Learned a level 2 spell: Call Imp
  1547 | D:2      | Learned a level 2 spell: Blink
  1551 | D:2      | Learned a level 3 spell: Conjure Flame
  1671 | D:2      | Reached skill level 1 in Fighting
  1678 | D:2      | Reached skill level 1 in Armour
  1682 | D:2      | Reached XP level 4. HP: 25/25 MP: 1/13
  2197 | D:3      | Got the Catalogue of Contamination
  2256 | D:3      | Found a sparkling altar of Nemelex Xobeh.
  2276 | D:3      | Reached skill level 6 in Spellcasting
  2276 | D:3      | Reached XP level 5. HP: 27/29 MP: 6/15
  2804 | D:3      | Found an ornate altar of the Wu Jian Council.
  2885 | D:4      | Reached skill level 1 in Fire Magic
  3207 | D:4      | Reached XP level 6. HP: 26/34 MP: 13/17
  3238 | D:4      | Found a glowing golden altar of the Shining One.
  3324 | D:4      | Got the Almanac of the Mountains and the Volcanoes
  3330 | D:4      | Learned a level 4 spell: Flame Wave
  3402 | D:4      | Reached skill level 1 in Air Magic
  3653 | D:5      | Entered Level 5 of the Dungeon
  3678 | D:5      | Found Haq Cino's Magic Scroll Emporium.
  3683 | D:5      | Bought a scroll of teleportation for 42 gold pieces
  3683 | D:5      | Bought a scroll of blinking for 105 gold pieces
  3683 | D:5      | Bought a scroll of identify for 28 gold pieces
  3683 | D:5      | Bought a scroll of magic mapping for 49 gold pieces
  3694 | D:5      | Reached skill level 7 in Spellcasting
  3694 | D:5      | Reached skill level 1 in Evocations
  3702 | D:5      | Reached skill level 1 in Poison Magic
  3915 | D:5      | Found Citarohu's Distillery.
  3934 | D:5      | Reached XP level 7. HP: 38/38 MP: 17/20
  3953 | D:5      | Found Wadgh's Book Shop.
  3976 | D:5      | Found Gozag's Platinum Reserve.
  3977 | D:5      | Found an opulent altar of Gozag.
  4033 | D:5      | Killed from afar by an orc priest

Illustrated notes

Levels and vault maps discovered:
D:1:      onia_arrival_mini_spirals, layout_basic, serial_corexii_hall,
          corexii_hall_statues_l, corexii_hall_statues_x,
          corexii_hall_statues_i, corexii_hall_statues_l,
          chequers_hall_statues_corner_a, chequers_hall_statues_wall_a,
          hellmonk_ecumenical_altar_heavens_door, minivault_26, minmay_ruptured
D:2:      layout_rooms, minmay_cupped
D:3:      layout_rooms, overflow_temple_1_default, nicolae_wu_jian_wuxing_cycle,
          minmay_checkerbox
D:4:      layout_rooms, mainiacjoe_overflow_alcove_2,
          nicolae_elevator_lobby_asterisk
D:5:      minmay_opposing_rooms, layout_cave_pools,
          nicolae_gozag_zags_fifth_avenue, grunt_temple_overflow_open,
          serial_shops, nicolae_diamond_shop, nicolae_shop_hallway_plus,
          shop_statue, nicolae_shop_behind_doors

Skill      XL: |  1  2  3  4  5  6 |
---------------+-------------------+-----
Spellcasting   | 5 6 7 |  7.8
Fighting       | 1 |  1.5
Conjurations   | 2 3 |  3.7
Armour         | 1 |  1.3
Dodging        | 3 |  3.0
Fire Magic     | 1 |  1.8
Stealth        | 3 |  3.1
Air Magic      | 1 |  1.0
Evocations     | 1 |  1.0
Poison Magic   | 1 |  1.0
Summonings     | |  1.1
Translocations | |  1.1

Action                   |  1- 3 |  4- 6 |  7- 9 || total
-------------------------+-------+-------+-------++-------
Melee: Dagger            |    18 |    75 |     7 ||   100
       Punch             |       |     2 |       ||     2
 Cast: Magic Dart        |    44 |   104 |       ||   148
       Mephitic Cloud    |     2 |     5 |     2 ||     9
       Conjure Flame     |     2 |     4 |     1 ||     7
 Stab: Sleeping          |     2 |       |       ||     2
       Confused          |     2 |     1 |     1 ||     4
Armor: Robe              |     5 |     6 |       ||    11
       Leather armour    |       |    15 |     2 ||    17
Dodge: Dodged            |    15 |    41 |     2 ||    58

Table legend: (Time is in decaauts)
 A = Elapsed time spent in this place.
 B = Non-inter-level travel time spent in this place.
 C = Inter-level travel time spent in this place.
 D = Time resting spent in this place.
 E = Time spent auto-exploring this place.
 F = Levels seen in this place.
 G = Mean time per level.
                   A        B        C        D        E       F      G
               +--------+--------+--------+--------+--------+-----+--------+
         Total |   4031 |   3974 |     57 |      8 |   3282 |   5 |  806.2 |
       Dungeon |   4031 |   3974 |     57 |      8 |   3282 |   5 |  806.2 |
               +--------+--------+--------+--------+--------+-----+--------+

Top non-repeatable levels by time:
     D:1: 1333 daAuts
     D:3: 949 daAuts
     D:4: 789 daAuts
     D:2: 578 daAuts
     D:5: 379 daAuts
